 Dungeon Crawl Stone Soup version 0.23.2 (webtiles) character file.

Game seed: 17282145920786450577

4234 xccam the Grappler (level 10, -2/80 HPs)
             Began as a Ghoul Monk on Apr 8, 2019.
             Was a Priest of Wu Jian.
             Slain by a chaos spawn (7 damage)
             ... while petrified by a chaos spawn
             ... on level 8 of the Dungeon.
             The game lasted 00:22:03 (6863 turns).

xccam the Grappler (Ghoul Monk)                     Turns: 6863, Time: 00:22:03

Health: -2/80      AC: 10    Str: 20    XL:     10   Next: 30%
Magic:  0/9        EV:  2    Int:  5    God:    Wu Jian [***...]
Gold:   401        SH:  0    Dex: 12    Spells: 9/9 levels left

rFire    . . .     SeeInvis .     - Unarmed
rCold    + + .     Gourm    .   a - +0 buckler
rNeg     + + +     Faith    .   y - +0 scale mail
rPois    ∞         Spirit   .   j - +1 helmet
rElec    .         Reflect  .   p - +0 cloak
rCorr    .         Harm     .   (no gloves)
MR       +....                  (no boots)
Stlth    ..........             e - amulet "Lyecoteefy" {rC+ Regen+ Str+2 Stlth-}
HPRegen  0.00/turn              o - ring of protection from magic
MPRegen  0.11/turn              (no ring)

@: petrified, very slightly contaminated, rotting, invisible
A: rotting body, claws 1, carnivore, cold resistance 1, negative energy
resistance 3, inhibited regeneration, torment resistance, unbreathing
a: Wall Jump, Serpent's Lash, Renounce Religion


You were on level 8 of the Dungeon.
You worshipped Wu Jian.
Wu Jian was most pleased with you.
You were not hungry.

You visited 2 branches of the dungeon, and saw 9 of its levels.

You collected 401 gold pieces.

Inventory:

Armour
 a - a +0 buckler (worn)
 j - a +1 helmet (worn)
 m - a +0 plate armour
 p - a +0 cloak (worn)
 r - a +0 chain mail
 y - a +0 scale mail (worn)
Jewellery
 e - the amulet "Lyecoteefy" (around neck) {rC+ Regen+ Str+2 Stlth-}
   (You found it on level 4 of the Dungeon)

   [amulet of regeneration]

   It affects your strength (+2).
   It protects you from cold.
   It increases your rate of regeneration.
   It makes you less stealthy.
 o - a ring of protection from magic (left claw)
Wands
 f - a wand of flame (63)
 v - a wand of random effects (15)
 C - a wand of polymorph (11)
Scrolls
 c - a scroll of magic mapping {unknown}
 d - 3 scrolls of enchant weapon
 k - a scroll of amnesia
 l - a scroll of blinking {unknown}
 n - 2 scrolls of teleportation
 q - a scroll of enchant armour
 s - a scroll of noise {unknown}
 u - 2 scrolls of immolation {unknown}
 x - 2 scrolls of fog
 A - a scroll of identify
Potions
 g - a potion of berserk rage {unknown}
 h - a potion of brilliance
 i - a potion of invisibility
 t - a potion of ambrosia {unknown}
 w - a potion of heal wounds
 E - a potion of flight {unknown}
Comestibles
 b - 12 rations
 z - 2 chunks of flesh


   Skills:
 + Level 4.7 Fighting
 + Level 5.3 Armour
 + Level 7.2 Dodging
 - Level 2.1 Stealth
 - Level 5.0 Shields
 * Level 10.5 Unarmed Combat


You had 9 spell levels left.
You didn't know any spells.
Your spell library contained the following spells:

 Spells                   Type           Power        Failure   Level  Hunger
 Corona                   Hex            #......      82%         1    ##.....
 Ensorcelled Hibernation  Hex/Ice        #.....       91%         2    ###....
 Confuse                  Hex            #.......     99%         3    ####...
 Dazzling Spray           Conj/Hex       #.....       99%         3    ####...
 Tukima's Dance           Hex            #.......     99%         3    ####...
 Poison Arrow             Conj/Pois      #.........   100%        6    #######
 Chain Lightning          Conj/Air       #.........   100%        8    #######
 Lehudib's Crystal Spear  Conj/Erth      #.........   100%        8    #######
 Fire Storm               Conj/Fire      #.........   100%        9    #######
 Glaciate                 Conj/Ice       #.........   100%        9    #######


Dungeon Overview and Level Annotations

Branches:
Dungeon (8/15)             Temple (1/1) D:4
   Lair: D:8-11

Altars:
Ashenzari
Cheibriados
Dithmenos
Elyvilon
Fedhas
Gozag
Hepliaklqana
Kikubaaqudgha
Makhleb
Nemelex Xobeh
Okawaru
Qazlal
Ru
Sif Muna
Trog
Uskayaw
Vehumet
Wu Jian
Xom
Yredelemnul
Zin
The Shining One

Shops:
D:8 (


Innate Abilities, Weirdness & Mutations

Your body is rotting away.
You thrive on raw meat.
You are immune to poison.
You have sharp fingernails.
You are carnivorous and can eat meat at any time.
Your flesh is cold resistant. (rC+)
You are immune to negative energy. (rN+++)
You do not regenerate when monsters are visible.
You are immune to unholy pain and torment.
You can survive without breathing.


Message History

The chaos spawn hits you.
You feel your power leaking away. The orc hits you with a +0 hand axe.
The chaos spawn hits you.
* * * LOW HITPOINT WARNING * * *
You feel your power leaking away. The chaos spawn gores you!
* * * LOW HITPOINT WARNING * * *
You fade into invisibility!
You are very lightly contaminated with residual magic.
The orc hits you with a +0 hand axe. The chaos spawn barely misses you.
The chaos spawn hits you!
* * * LOW HITPOINT WARNING * * *
The chaos spawn shocks you!
* * * LOW HITPOINT WARNING * * *
The orc barely misses you. The chaos spawn completely misses you.
The chaos spawn hits you!
* * * LOW HITPOINT WARNING * * *
The chaos spawn sears you!
You die...

####
#####...###...##.....
....##..##...#######
..##. ..............#
# ..............#
[......∩......# ..
..............# ..
[.............# .
.......#:...⌠.##.
.........@.⌠.....
....#...o44##....
........_........
....#.##..##....
..... <)⌠♣ ..... #...
<.$+. .... #..+ ..⌠≈#
... %⌠⌠. ##.


You could see 2 chaos spawn and an orc.

Vanquished Creatures
  Pikel (D:4)
  The ghost of Jaiteiro the Shield-Bearer, an amateur GnFi (D:4)
  A hippogriff (D:8)
  Sigmund (D:2)
  Eustachio (D:4)
  A human (D:7)
  4 hogs (D:7)
  The ghost of Situis the Chiller, an amateur DsIE of Wu Jian (D:4)
  A chaos spawn (D:8)
  An orc warrior (D:7)
  A sky beast (D:5)
  2 slaves (D:4)
  2 ogres
  2 centaurs (D:6)
  A big kobold (D:7)
  3 bullfrogs (D:7)
  3 scorpions
  3 killer bees (D:7)
  A howler monkey (D:6)
  5 wights (D:3)
  2 crimson imps
  2 orc priests
  3 iguanas
  Natasha (thrice) (D:2)
  3 orc wizards (D:5)
  4 worker ants
  A hound zombie (D:5)
  11 gnolls
  12 adders
  An ooze (D:1)
  2 adder skeletons
  A worm (D:3)
  3 dart slugs
  5 leopard geckos
  19 orcs
  7 bats
  4 giant cockroaches
  8 goblins
  7 hobgoblins
  4 jackals
  11 kobolds
  2 quokkas
  2 ball pythons
  A ball python skeleton (D:4)
  8 frilled lizards
  A jackal zombie (D:5)
  A leopard gecko skeleton (D:4)
  A quokka skeleton (D:4)
  9 rats
174 creatures vanquished.

Vanquished Creatures (others)
  A slave (D:4)
  A gnoll (D:4)
  An adder skeleton (D:4)
  A leopard gecko (D:4)
4 creatures vanquished.

Grand Total: 178 creatures vanquished

Notes
Turn   | Place    | Note
-------+----------+-------------------------------------------
     0 | D:1      | xccam the Ghoul Monk began the quest for the Orb.
     0 | D:1      | Reached XP level 1. HP: 19/19 MP: 0/0
   204 | D:1      | Reached XP level 2. HP: 22/26 MP: 1/1
   276 | D:1      | Reached skill level 4 in Unarmed Combat
   619 | D:1      | Reached XP level 3. HP: 21/31 MP: 2/2
  1116 | D:2      | Noticed Sigmund
  1142 | D:2      | Killed Sigmund
  1142 | D:2      | Reached skill level 7 in Unarmed Combat
  1142 | D:2      | Reached XP level 4. HP: 5/38 MP: 3/3
  1142 | D:2      | Reached XP level 5. HP: 6/45 MP: 4/4
  1399 | D:2      | Reached XP level 6. HP: 48/51 MP: 5/5
  1723 | D:2      | Noticed Natasha
  1732 | D:2      | Killed Natasha
  1732 | D:2      | Reached skill level 1 in Armour
  1908 | D:2      | Noticed Natasha
  1916 | D:2      | Killed Natasha
  2113 | D:2      | Noticed Natasha
  2123 | D:2      | Killed Natasha
  2345 | D:3      | Reached XP level 7. HP: 58/58 MP: 6/6
  3463 | D:4      | Noticed Pikel
  3490 | D:4      | Killed Pikel
  3490 | D:4      | Reached skill level 8 in Unarmed Combat
  3490 | D:4      | Reached XP level 8. HP: 20/66 MP: 7/7
  3617 | D:4      | Noticed Eustachio
  3640 | D:4      | Killed Eustachio
  3674 | D:4      | Found a runed translucent gate.
  3675 | D:4      | Found a runed translucent gate.
  3685 | D:4      | Found a runed translucent gate.
  3686 | D:4      | Noticed Situis's ghost (amateur DsIE)
  3686 | D:4      | Noticed Jaiteiro's ghost (amateur GnFi)
  3773 | D:4      | Reached skill level 5 in Dodging
  3901 | D:4      | Got an ancient golden amulet
  3902 | D:4      | Identified the amulet "Lyecoteefy" {rC+ Regen+ Str+2
                  | Stlth-} (You found it on level 4 of the Dungeon)
  4212 | D:4      | Found a staircase to the Ecumenical Temple.
  4218 | Temple   | Entered the Ecumenical Temple
  4275 | Temple   | Became a worshipper of the Wu Jian Council
  4275 | Temple   | Reached * piety under Wu Jian
  4275 | Temple   | Reached ** piety under Wu Jian
  4340 | D:4      | Killed Situis's ghost
  4348 | D:4      | Killed Jaiteiro's ghost
  4348 | D:4      | Reached skill level 1 in Shields
  4348 | D:4      | Reached skill level 9 in Unarmed Combat
  4348 | D:4      | Reached XP level 9. HP: 18/71 MP: 8/8
  4436 | D:5      | Entered Level 5 of the Dungeon
  4916 | D:5      | Reached skill level 5 in Armour
  5457 | D:6      | Reached *** piety under Wu Jian
  5692 | D:6      | Found a snail-covered altar of Cheibriados.
  5993 | D:7      | Reached skill level 10 in Unarmed Combat
  6002 | D:7      | Reached XP level 10. HP: 51/79 MP: 9/9
  6063 | D:7      | Reached skill level 5 in Shields
  6104 | D:7      | Found a stormy altar of Qazlal.
  6146 | D:7      | Found a sacrificial altar of Ru.
  6833 | D:8      | Found Ixeuj's Weapon Shoppe.
  6843 | D:8      | Found a shimmering altar of Xom.
  6846 | D:8      | Found the +7 mace of Variability {chain chaos}
  6863 | D:8      | Slain by a chaos spawn

Skill      XL: |  1  2  3  4  5  6  7  8  9 10 |
---------------+-------------------------------+-----
Unarmed Combat | 4 7 8 9 10 | 10.5
Armour         | 1 3 4 5 |  5.3
Dodging        | 3 4 5 7 |  7.2
Fighting       | 4 |  4.7
Shields        | 1 4 5 |  5.0
Stealth        | |  2.1

Action                   |  1- 3 |  4- 6 |  7- 9 | 10-12 || total
-------------------------+-------+-------+-------+-------++-------
Melee: Unarmed           |    97 |    87 |   367 |   109 ||   660
       Punch             |     1 |     3 |    15 |     1 ||    20
Invok: Whirlwind         |       |       |    11 |       ||    11
       Lunge             |       |       |    15 |     8 ||    23
 Abil: Wall Jump         |       |       |     1 |       ||     1
  Use: Potion            |     5 |       |     6 |       ||    11
       Scroll            |       |       |     6 |     4 ||    10
 Stab: Sleeping          |       |     1 |     2 |       ||     3
       Distracted        |       |       |     1 |       ||     1
  Eat: Chunk             |    10 |    10 |    43 |    17 ||    80
Armor: Ring mail         |    25 |    20 |    53 |       ||    98
       Scale mail        |       |       |    43 |    26 ||    69
Dodge: Dodged            |    39 |    38 |   186 |    50 ||   313
Block: Buckler           |       |       |       |    13 ||    13
